 Dungeon Crawl Stone Soup version 0.31-a0-920-g28cbb04a8c (webtiles) character file.

Game seed: 14238852667986216272

6 Azuregosa the Sneak (level 1, -3/16 HPs)
             Began as an Octopode Delver on Oct 17, 2023.
             Slain by an orc
             ... wielding a +0 war axe
              (9 damage)
             ... on level 5 of the Dungeon.
             The game lasted 00:01:18 (122 turns).

Azuregosa the Sneak (Octopode Delver)                Turns: 122, Time: 00:01:19

Health: -3/16      AC:  1    Str: 11    XL:     1   Next: 90%
Magic:  1/1        EV: 13    Int: 12    God:
Gold:   36         SH:  0    Dex: 13    Spells: 0/0 levels left

rFire   . . .        a - +0 spear
rCold   . . .        (no shield)
rNeg    . . .        (helmet restricted)
rPois   .            (no amulet)
rElec   .            (no ring)
rCorr   .            (no ring)
SInv    .            (no ring)
Will    .....        (no ring)
Stlth   ++++         (no ring)
HPRegen 0.22/turn    (no ring)
MPRegen 0.07/turn    (no ring)
                     (no ring)

%: no passive effects
@: no status effects
A: almost no armour, amphibious, 8 rings, camouflage 1, gelatinous body 1,
(nimble swimmer 1), tentacles
a: no special abilities


You were on level 5 of the Dungeon.
You visited 1 branch of the dungeon, and saw 3 of its levels.

You collected 36 gold pieces.

Inventory:

Hand Weapons
 a - a +0 spear (weapon)
Wands
 f - a wand of digging (3)
Scrolls
 b - a scroll of fog
 c - 2 scrolls of identify {unknown}
Potions
 e - a potion of haste


   Skills:
 - Level 3.0 Fighting
 - Level 2.0 Polearms
 - Level 2.0 Dodging
 + Level 7.1 Stealth


You couldn't memorise any spells.
You didn't know any spells.
Your spell library was empty.

Dungeon Overview and Level Annotations

Branches:
Dungeon (6/15)
 Temple: D:4-7

Altars:

Shops:
D:5 *


Innate Abilities, Weirdness & Mutations

You cannot wear most types of armour.
You are amphibious.
You can wear up to eight rings at the same time.
Your skin changes colour to match your surroundings (Stealth+).
Your rubbery body absorbs attacks. (AC +1, EV +1)
((You are camouflaged when in or above water. (Stealth+)))
You have tentacles for arms and can constrict up to eight enemies at once.


Message History

Things that are here:
a +0 hand axe; 2 orange potions You hit the orc but do no damage.
You grab the orc.
You constrict the orc, but do no damage.
The orc misses you.
You hit the orc.
The orc is almost dead.
You constrict the orc.
You kill the orc!
You hit the orc. Your grab misses the orc.
The orc is almost dead.
The orc wizard hits you with a +0 dagger.
The orc hits you with a +0 short sword.
The hound barks!
You hit the orc.
You kill the orc!
A sleepcap comes into view.
The orc wizard hits you with a +0 dagger.
* * * LOW HITPOINT WARNING * * *
Your Stealth skill increases to level 7!
You hit the orc wizard. You grab the orc wizard.
The orc wizard is lightly wounded.
You constrict the orc wizard. The hound bites you.
* * * LOW HITPOINT WARNING * * *
An orc comes into view. It is wielding a +0 dagger.
The orc wizard closely misses you.
Unknown command.
As you read the scroll of fear, it crumbles to dust.
You assume a fearsome visage.
The hound looks frightened!
The sleepcap is unaffected.
The orc looks frightened!
The orc wizard looks frightened!
You constrict the orc wizard.
An orc comes into view. It is wielding a +0 war axe.
The orc wizard gestures wildly while chanting.
The orc wizard flickers and vanishes!
Deactivating autopickup; reactivate with Ctrl-A.
You release your grip on something.
The orc attacks as it pursues you! The orc barely misses you.
The orc attacks as it pursues you! The orc hits you with a +0 war axe!
Ouch! That really hurt!
You die...

,*
****,***#.#.#,*,*****,,,,,
,* *,* #.##.#*,*****,**,,
,* *,* #.#,..h,,,,,,,,**,
,* *,* #.#,,...,,,,,,,**,
,* ##,**
#.#,#####****,,**, ,*
#..,* #f#.# *,,**, ,*
#..,* #.#.#####****,,**,
,*
#...###o.......,,,,,,,,,
,*
####..#..@#.#####*********
,* #.........#.# ,*
#.≈≈##≈≈....# **
#.##≈≈≈≈.#### #.≈≈≈≈##.#
#.≈≈##≈≈.#
*****###.##≈≈≈≈.#
,,,,,...........# ***
******#####..####
**********,,


You could see a sleepcap and an orc.

Vanquished Creatures
  3 orcs (D:5)
3 creatures vanquished.

Notes
Turn   | Place    | Note
-------+----------+-------------------------------------------
     0 | D:5      | Azuregosa the Octopode Delver began the quest for the Orb.
     0 | D:5      | Reached XP level 1. HP: 16/16 MP: 1/1
     2 | D:6      | Noticed an iguana
    12 | D:4      | Noticed an iguana
    15 | D:5      | Noticed a scorpion
    35 | D:6      | Noticed an iguana
    98 | D:5      | Found Ubruav's General Store.
   101 | D:5      | Noticed a hound
   102 | D:5      | Noticed an orc wizard
   109 | D:5      | Noticed a sleepcap
   110 | D:5      | Reached skill level 7 in Stealth
   122 | D:5      | Slain by an orc

Illustrated notes

Levels and vault maps discovered:
D:4:      layout_rooms, mainiacjoe_overflow_big_doors, temple_statues,
          grunt_tough_drop
D:5:      layout_loops_ring, serial_shops, shop, nicolae_tricolors, uniq_grinder
D:6:      layout_basic, mainiacjoe_overflow_alcove_1

Skill      XL: |  1 |
---------------+----+-----
Stealth        | 7 |  7.1
Fighting       | |  3.0
Polearms       | |  2.0
Dodging        | |  2.0

Action                     || total
---------------------------++-------
  Melee: Spear             ||     7
         Constrict         ||     3
    Use: Scroll            ||     2
 Armour: Skin              ||     5
  Dodge: Dodged            ||     5

Table legend: (Time is in decaauts)
 A = Elapsed time spent in this place.
 B = Non-inter-level travel time spent in this place.
 C = Inter-level travel time spent in this place.
 D = Time resting spent in this place.
 E = Time spent auto-exploring this place.
 F = Levels seen in this place.
 G = Mean time per level.
                   A        B        C        D        E       F      G
               +--------+--------+--------+--------+--------+-----+--------+
         Total |    123 |    123 |      0 |      0 |      0 |   3 |   41.0 |
       Dungeon |    123 |    123 |      0 |      0 |      0 |   3 |   41.0 |
               +--------+--------+--------+--------+--------+-----+--------+

Top non-repeatable levels by time:
     D:5: 110 daAuts
     D:6: 9 daAuts
     D:4: 3 daAuts
